AoeStats
← RAFAOalexandre

Fortress

509963431Analyzed
2v2 RM · 4d ago on Sep 28, 2026· 31m 42s· 4 players
Game mode
Random Map
Map size
Normal (6 player)
Population
200
Speed
Normal
Resources
Standard
Victory
Conquest
Starting age
Dark Age
Ending age
Imperial Age
RankedLock teamsTeams togetherTeam positionsShared explorationLock speedFull tech treeHidden civsTurbo modeCheats
Victory
Defeat
🇦🇷 Koreans · Argentina
876
+12
🇧🇷 Vietnamese · Brazil
806
+14
🇳🇱 Teutons · Netherlands
784
-17
🇳🇱 Huns · Netherlands
766
-21
RAFAOalexandre
7:16 Feudal Age
10:39 Loom
10:55 Double-Bit Axe
13:20 Castle Age
11:24 Horse Collar
13:23 Gold Mining
14:48 Wheelbarrow
15:13 Bloodlines
15:33 Fletching
19:11 Hand Cart
20:51 Bow Saw
20:45 Heavy Plow
21:35 Stone Mining
27:42 Imperial Age
25:53 Forging
25:50 Scale Barding Armor
25:49 Husbandry
25:44 Town Watch
27:48 Iron Casting
27:14 Scale Mail Armor
26:40 Pikeman
27:21 Squires
28:55 Paper Money
29:44 Padded Archer Armor
30:50 Light Cavalry
32:34 Chain Barding Armor
Tricio 12
9:56 Feudal Age
10:05 Man-at-Arms
10:43 Horse Collar
10:50 Double-Bit Axe
10:52 Loom
11:57 Scale Mail Armor
11:45 Arson
13:55 Forging
14:24 Loom
18:13 Castle Age
17:10 Fletching
17:56 Stone Mining
17:58 Gold Mining
19:00 Bodkin Arrow
19:20 Bow Saw
20:07 Wheelbarrow
20:10 Gold Shaft Mining
20:12 Stone Shaft Mining
21:02 Treadmill Crane
21:26 Heavy Plow
23:10 Eupseong
23:35 Crossbowman
27:26 Thumb Ring
29:23 Murder Holes
29:49 Ballistics
29:48 Chain Mail Armor
30:08 Iron Casting
31:11 Hand Cart
30:42 Town Watch
31:45 Masonry
pedram_gm
8:30 Feudal Age
13:53 Castle Age
11:40 Man-at-Arms
12:07 Man-at-Arms
16:56 Thumb Ring
21:47 Husbandry
hasse.bie
8:03 Feudal Age
8:50 Double-Bit Axe
9:18 Horse Collar
11:20 Loom
14:17 Castle Age
16:27 Heavy Plow
17:00 Bow Saw
24:02 Town Watch
25:18 Gold Mining
24:53 Pikeman
24:56 Man-at-Arms
25:22 Arson
26:27 Elite Skirmisher
32:47 Imperial Age
Connection lost

Rejoining the realm…

Still unreachable

The connection could not be restored.

Session expired

The server has moved on; the page needs a fresh start.